PBL
LOS ANGELES ANGELS @ CLEVELAND INDIANS
06/30/2071
 
TOP OF THE 1ST
Los Angeles Angels batting - Pitching for Cleveland Indians : RHP Al Sackett
Pitching: RHP Al Sackett
Batting: LHB Kenzaburo Sato 0-0: Ball
1-0: Ball
2-0: Ball
3-0: Base on Balls
Batting: SHB Jeff Vaughn 0-0: Called Strike
0-1: Ball
1-1: Ball
2-1: Swinging Strike
2-2: Ball
3-2: Strikes out looking
Batting: LHB Ma-huan Yan 0-0: Called Strike
0-1: Foul Ball, location: 7LSF
0-2: Foul Ball, location: 3SF
0-2: Strikes out swinging
Batting: RHB Raúl Galló 0-0: Ball
1-0: Called Strike
1-1: SINGLE (Line Drive, 78M, EV 103.8 MPH)
Kenzaburo Sato to second
Batting: RHB Craig Martin 0-0: Ball
1-0: Ball
2-0: Called Strike
2-1: Fly out, F8 (Flyball, 89M, EV 94.4 MPH)
Top of the 1st over - 0 runs, 1 hit, 0 errors, 2 left on base; Los Angeles 0 - Cleveland 0
BOTTOM OF THE 1ST
Cleveland Indians batting - Pitching for Los Angeles Angels : LHP Phil Williams
Pitching: LHP Phil Williams
Batting: RHB Cisco Reyes 0-0: Ball
1-0: SINGLE (Groundball, 5L, EV 87.5 MPH) (infield hit)
Batting: RHB Juan Galindo 0-0: Foul Ball, location: 3SF
0-1: Fly out, F9 (Flyball, 89D, EV 83.8 MPH)
Batting: LHB Tony Locke 0-0: Called Strike
0-1: Swinging Strike
0-2: Fly out, F6 (Line Drive, 6, EV 66.3 MPH)
Batting: RHB Mike Robinson 0-0: Ball
1-0: Called Strike
1-1: Ball
2-1: Ball
3-1: Ground out 5-3 (Groundball, 56S, EV 81.9 MPH)
Bottom of the 1st over - 0 runs, 1 hit, 0 errors, 1 left on base; Los Angeles 0 - Cleveland 0
TOP OF THE 2ND
Los Angeles Angels batting - Pitching for Cleveland Indians : RHP Al Sackett
Batting: RHB Duncan Phillips 0-0: Ball
1-0: Foul Ball, location: 5SF
1-1: Swinging Strike
1-2: Foul Ball, location: 9LDF
1-2: Ball
2-2: Ball
3-2: Fly out, F7 (Flyball, 7, EV 92.5 MPH)
Batting: RHB Tony Mora 0-0: Called Strike
0-1: Ball
1-1: Ball
2-1: Called Strike
2-2: Strikes out looking
Batting: SHB Xavier Martínez 0-0: Swinging Strike
0-1: Called Strike
0-2: Strikes out swinging
Top of the 2nd over - 0 runs, 0 hits, 0 errors, 0 left on base; Los Angeles 0 - Cleveland 0
BOTTOM OF THE 2ND
Cleveland Indians batting - Pitching for Los Angeles Angels : LHP Phil Williams
Batting: RHB Hubert Merritt 0-0: Ball
1-0: Ball
2-0: Called Strike
2-1: Ground out 6-3 (Groundball, 6, EV 101.3 MPH)
Batting: SHB Adam Emery 0-0: Foul Ball, location: 23FF
0-1: Foul Ball, location: 2F
0-2: Foul Ball, location: 9LSF
0-2: Ball
1-2: Ball
2-2: Strikes out swinging
Batting: RHB Ramón Murillo 0-0: Ball
1-0: Foul Ball, location: 3DF
1-1: Ball
2-1: Foul Ball, location: 2F
2-2: DOUBLE (Groundball, 5L, EV 94.4 MPH)
Batting: RHB Cheung Fang 0-0: Swinging Strike
0-1: Ball
1-1: Swinging Strike
1-2: Strikes out looking
Bottom of the 2nd over - 0 runs, 1 hit, 0 errors, 1 left on base; Los Angeles 0 - Cleveland 0
TOP OF THE 3RD
Los Angeles Angels batting - Pitching for Cleveland Indians : RHP Al Sackett
Batting: RHB Stanley Blake 0-0: Called Strike
0-1: Ball
1-1: Called Strike
1-2: Strikes out swinging
Batting: LHB Kenzaburo Sato 0-0: Called Strike
0-1: Ball
1-1: Foul Ball, location: 2F
1-2: Foul Ball, location: 2F
1-2: Ball
2-2: Strikes out swinging
Batting: SHB Jeff Vaughn 0-0: Called Strike
0-1: Foul Ball, location: 2RF
0-2: Foul Ball, location: 2F
0-2: Foul Ball, location: 3FF
0-2: Ball
1-2: Foul Ball, location: 3SF
1-2: Strikes out looking
Top of the 3rd over - 0 runs, 0 hits, 0 errors, 0 left on base; Los Angeles 0 - Cleveland 0
BOTTOM OF THE 3RD
Cleveland Indians batting - Pitching for Los Angeles Angels : LHP Phil Williams
Batting: RHB Fedyenka Tiguntsev 0-0: Swinging Strike
0-1: Ball
1-1: SINGLE (Groundball, 34, EV 101.9 MPH)
Batting: RHB Cisco Reyes 0-0: Ball
1-0: SINGLE (Groundball, 23, EV 73.8 MPH) (infield hit)
Fedyenka Tiguntsev to second
Batting: RHB Juan Galindo 0-0: Called Strike
0-1: Ball
1-1: Foul Ball, location: 5F
1-2: Strikes out swinging
Batting: LHB Tony Locke 0-0: SINGLE (Flyball, 56D, EV 90.0 MPH)
Fedyenka Tiguntsev to third
Cisco Reyes to second
Batting: RHB Mike Robinson 0-0: Ball
1-0: Foul Ball, location: 23FF
1-1: Ball
2-1: Swinging Strike
2-2: Strikes out swinging
Batting: RHB Hubert Merritt 0-0: Ball
1-0: Ball
2-0: Ball
3-0: Base on Balls
Fedyenka Tiguntsev scores
Cisco Reyes to third
Tony Locke to second
Batting: SHB Adam Emery 0-0: Ball
1-0: Called Strike
1-1: Foul Ball, location: 7LDF
1-2: Ball
2-2: Fly out, F7 (Flyball, 7, EV 93.8 MPH)
Bottom of the 3rd over - 1 run, 3 hits, 0 errors, 3 left on base; Los Angeles 0 - Cleveland 1
TOP OF THE 4TH
Los Angeles Angels batting - Pitching for Cleveland Indians : RHP Al Sackett
Batting: LHB Ma-huan Yan 0-0: Ball
1-0: Ground out 6-3 (Groundball, 6, EV 105.6 MPH)
Batting: RHB Raúl Galló 0-0: Ground out 5-3 (Groundball, 56, EV 86.9 MPH)
Batting: RHB Craig Martin 0-0: Fly out, F5 (Popup, 25F, EV 85.0 MPH)
Top of the 4th over - 0 runs, 0 hits, 0 errors, 0 left on base; Los Angeles 0 - Cleveland 1
BOTTOM OF THE 4TH
Cleveland Indians batting - Pitching for Los Angeles Angels : LHP Phil Williams
Batting: RHB Ramón Murillo 0-0: Called Strike
0-1: Fly out, F9 (Flyball, 89M, EV 90.6 MPH)
Batting: RHB Cheung Fang 0-0: Called Strike
0-1: Ball
1-1: Called Strike
1-2: DOUBLE (Groundball, 5L, EV 96.3 MPH)
Batting: RHB Fedyenka Tiguntsev 0-0: Ball
1-0: Ground out 6-3 (Groundball, 6, EV 81.9 MPH)
Cheung Fang to third
Batting: RHB Cisco Reyes 0-0: Ground out 6-3 (Groundball, 6M, EV 86.3 MPH)
Bottom of the 4th over - 0 runs, 1 hit, 0 errors, 1 left on base; Los Angeles 0 - Cleveland 1
TOP OF THE 5TH
Los Angeles Angels batting - Pitching for Cleveland Indians : RHP Al Sackett
Batting: RHB Duncan Phillips 0-0: Called Strike
0-1: Foul Ball, location: 2F
0-2: Ball
1-2: Ball
2-2: Ball
3-2: Fly out, F9 (Flyball, 9LM, EV 96.9 MPH)
Batting: RHB Tony Mora 0-0: Ball
1-0: Ball
2-0: Called Strike
2-1: Ball
3-1: Foul Ball, location: 25F
3-2: Strikes out swinging
Batting: SHB Xavier Martínez 0-0: Ball
1-0: SINGLE (Line Drive, 7LS, EV 87.5 MPH)
Batting: RHB Stanley Blake 0-0: Ball
1-0: Foul Ball, location: 9LDF
1-1: Ground out 5-3 (Groundball, 56S, EV 80.6 MPH)
Top of the 5th over - 0 runs, 1 hit, 0 errors, 1 left on base; Los Angeles 0 - Cleveland 1
BOTTOM OF THE 5TH
Cleveland Indians batting - Pitching for Los Angeles Angels : LHP Phil Williams
Batting: RHB Juan Galindo 0-0: Swinging Strike
0-1: Ball
1-1: Ball
2-1: Ball
3-1: Base on Balls
Batting: LHB Tony Locke 0-0: Foul Ball, location: 25F
0-1: Swinging Strike
0-2: Foul Ball, location: 2F
0-2: Ball
1-2: Strikes out looking
Batting: RHB Mike Robinson 0-0: DOUBLE (Line Drive, 7LM, EV 96.3 MPH)
Juan Galindo to third
Batting: RHB Hubert Merritt 0-0: SINGLE (Line Drive, 9LM, EV 99.4 MPH)
Juan Galindo scores
Mike Robinson to third
Batting: SHB Adam Emery 0-0: Foul Ball, location: 7LMFF
0-1: Ball
1-1: Fly out, F8 (Flyball, 8RXD, EV 103.8 MPH)
Runner from 3rd tags up, SCORES, no throw by CF
Batting: RHB Ramón Murillo 0-0: Swinging Strike
0-1: Ball
1-1: Swinging Strike
1-2: SINGLE (Groundball, 6MD, EV 105.6 MPH)
Hubert Merritt to second
Batting: RHB Cheung Fang 0-0: Foul Ball, location: 5DF
0-1: Foul Ball, location: 5SF
0-2: Ball
1-2: Foul Ball, location: 3DF
1-2: Foul Ball, location: 2F
1-2: Ball
2-2: Fly out, F7 (Flyball, 7S, EV 83.1 MPH)
Bottom of the 5th over - 2 runs, 3 hits, 0 errors, 2 left on base; Los Angeles 0 - Cleveland 3
TOP OF THE 6TH
Los Angeles Angels batting - Pitching for Cleveland Indians : RHP Al Sackett
Batting: LHB Kenzaburo Sato 0-0: Fly out, F9 (Flyball, 9D, EV 106.9 MPH)
Batting: SHB Jeff Vaughn 0-0: Called Strike
0-1: Called Strike
0-2: Foul Ball, location: 2F
0-2: Ball
1-2: Ball
2-2: Foul Ball, location: 7LSF
2-2: Ball
3-2: Foul Ball, location: 2F
3-2: Base on Balls
Batting: LHB Ma-huan Yan 0-0: Ball
1-0: Swinging Strike
1-1: Ball
2-1: Ball
3-1: Foul Ball, location: 2F
3-2: DOUBLE (Flyball, 8LXD, EV 105.6 MPH)
Jeff Vaughn to third
Pitching: LHP Maresuke Ono
Batting: RHB Raúl Galló 0-0: Called Strike
0-1: Ball
1-1: Ball
2-1: Ball
3-1: Swinging Strike
3-2: Strikes out swinging
Batting: RHB Craig Martin 0-0: Called Strike
0-1: Called Strike
0-2: Ball
1-2: Fly out, F2 (Popup, 25F, EV 75.6 MPH)
Top of the 6th over - 0 runs, 1 hit, 0 errors, 2 left on base; Los Angeles 0 - Cleveland 3
BOTTOM OF THE 6TH
Cleveland Indians batting - Pitching for Los Angeles Angels : LHP Phil Williams
Batting: RHB Fedyenka Tiguntsev 0-0: Ball
1-0: Swinging Strike
1-1: Called Strike
1-2: Strikes out looking
Batting: RHB Cisco Reyes 0-0: Called Strike
0-1: Ball
1-1: Ball
2-1: Ground out 6-3 (Groundball, 6MD, EV 96.9 MPH)
Batting: RHB Juan Galindo 0-0: Ball
1-0: Fly out, F8 (Line Drive, 78M, EV 89.4 MPH)
Bottom of the 6th over - 0 runs, 0 hits, 0 errors, 0 left on base; Los Angeles 0 - Cleveland 3
TOP OF THE 7TH
Los Angeles Angels batting - Pitching for Cleveland Indians : LHP Maresuke Ono
Batting: RHB Duncan Phillips 0-0: Ball
1-0: Ball
2-0: SINGLE (Line Drive, 4D, EV 108.8 MPH)
Batting: RHB Tony Mora 0-0: Ball
1-0: Fly out, F4 (Popup, 4, EV 63.8 MPH)
Batting: SHB Xavier Martínez 0-0: Called Strike
0-1: Ball
1-1: Swinging Strike
1-2: Strikes out swinging
Batting: RHB Stanley Blake 0-0: Foul Ball, location: 5SF
0-1: Called Strike
0-2: Ball
1-2: Ball
2-2: Ball
3-2: Base on Balls
Duncan Phillips to second
Batting: LHB Kenzaburo Sato 0-0: Ball
1-0: Ball
2-0: Swinging Strike
2-1: Swinging Strike
2-2: Foul Ball, location: 3FF
2-2: Ball
3-2: SINGLE (Line Drive, 78S, EV 95.6 MPH)
Duncan Phillips to third
Stanley Blake to second
Duncan Phillips scores
Stanley Blake to third
Batting: SHB Jeff Vaughn 0-0: Called Strike
0-1: Ball
1-1: Swinging Strike
1-2: Ball
2-2: Hit by Pitch
Kenzaburo Sato to second
Pitching: RHP Andrés Salinas
Batting: LHB Ma-huan Yan 0-0: Foul Ball, location: 7LSF
0-1: Foul Ball, location: 2F
0-2: Ball
1-2: Strikes out looking
Top of the 7th over - 1 run, 2 hits, 0 errors, 3 left on base; Los Angeles 1 - Cleveland 3
BOTTOM OF THE 7TH
Cleveland Indians batting - Pitching for Los Angeles Angels : LHP Phil Williams
Pitching: LHP Javier Pérez
Batting: LHB Tony Locke 0-0: Called Strike
0-1: SINGLE (Flyball, 3D, EV 98.8 MPH)
Batting: RHB Mike Robinson 0-0: Ball
1-0: DOUBLE (Flyball, 78D, EV 93.1 MPH)
Tony Locke to third
Batting: RHB Hubert Merritt 0-0: Ball
1-0: Ball
2-0: Ball
3-0: Called Strike
3-1: Fielders Choice at home, 4-2 (Groundball, 4, EV 84.4 MPH)
Mike Robinson to third
Batting: SHB Adam Emery 0-0: Ball
1-0: Ball
2-0: Grounds out, U3 (Groundball, 3L, EV 81.9 MPH)
Mike Robinson scores
Batting: RHB Ramón Murillo 0-0: Foul Ball, location: 9LSF
0-1: Ground out U3 (Groundball, 34, EV 90.6 MPH)
Bottom of the 7th over - 1 run, 2 hits, 0 errors, 1 left on base; Los Angeles 1 - Cleveland 4
TOP OF THE 8TH
Los Angeles Angels batting - Pitching for Cleveland Indians : RHP Andrés Salinas
Batting: RHB Raúl Galló 0-0: Ball
1-0: Called Strike
1-1: Foul Ball, location: 2F
1-2: Ball
2-2: Ball
3-2: Strikes out looking
Batting: RHB Craig Martin 0-0: Ball
1-0: Ball
2-0: Ball
3-0: Called Strike
3-1: Base on Balls
Batting: RHB Duncan Phillips 0-0: Ball
1-0: Foul Ball, location: 2F
1-1: Ball
2-1: Swinging Strike
2-2: Strikes out looking
Batting: RHB Tony Mora 0-0: Swinging Strike
0-1: Ball
1-1: Foul Ball, location: 7LDF
1-2: Strikes out swinging
Top of the 8th over - 0 runs, 0 hits, 0 errors, 1 left on base; Los Angeles 1 - Cleveland 4
BOTTOM OF THE 8TH
Cleveland Indians batting - Pitching for Los Angeles Angels : LHP Javier Pérez
Batting: RHB Cheung Fang 0-0: Called Strike
0-1: Swinging Strike
0-2: Strikes out swinging
Batting: RHB Fedyenka Tiguntsev 0-0: Swinging Strike
0-1: Called Strike
0-2: Foul Ball, location: 7LMF
0-2: Ball
1-2: Ball
2-2: Strikes out swinging
Batting: RHB Cisco Reyes 0-0: Ground out 5-3 (Groundball, 56S, EV 73.8 MPH)
Bottom of the 8th over - 0 runs, 0 hits, 0 errors, 0 left on base; Los Angeles 1 - Cleveland 4
TOP OF THE 9TH
Los Angeles Angels batting - Pitching for Cleveland Indians : RHP Andrés Salinas
Pitching: RHP Jesús Morán
Batting: SHB Xavier Martínez 0-0: SINGLE (Flyball, 8LS, EV 95.0 MPH)
Batting: RHB Stanley Blake 0-0: Called Strike
0-1: Swinging Strike
0-2: Ball
1-2: Strikes out looking
Batting: LHB Kenzaburo Sato 0-0: Foul Ball, location: 2LF
0-1: Swinging Strike
0-2: Ball
1-2: Foul Ball, location: 2F
1-2: Foul Ball, location: 2F
1-2: Ball
2-2: Ball
3-2: Base on Balls
Xavier Martínez to second
Batting: SHB Jeff Vaughn 0-0: Called Strike
0-1: Foul Ball, location: 2F
0-2: Strikes out looking
Batting: LHB Ma-huan Yan 0-0: Foul Ball, location: 2F
0-1: Swinging Strike
0-2: Ball
Wild Pitch!
Xavier Martínez to third
Kenzaburo Sato to second
1-2: Foul Ball, location: 2F
1-2: Ball
2-2: Foul Ball, location: 2F
2-2: Foul Ball, location: 7LSF
2-2: Ball
3-2: Strikes out swinging
Top of the 9th over - 0 runs, 1 hit, 0 errors, 2 left on base; Los Angeles 1 - Cleveland 4
Saturday, April 27th , 2024 - OOTP Baseball 24.10 Build 82